Map: Dash and Terminal LE (Void)

Players

NinjaNight - Winner!

  • Race: Protoss Protoss
  • League: Master

TatyGG

  • Race: Protoss Protoss
  • League: Silver

Event: Lycan League Weekly August #2

VOD

Have the link to the VOD?

Description

Time

  • Played on: Aug. 10, 2015, 12:22 p.m.
  • Length: 1:26

All games in this series

Show
View Real Time Build Order
Export as new Build Order

NinjaNight Protoss - Winner!

Build Orders:  

Get SALT Encoding   

  12  0:00  Probe  
  13  0:13  Pylon  
  13  0:18  Probe  
  14  0:33  Forge  
  14  0:59  Pylon  
  14  1:01  Pylon  
  14  1:03  Pylon  
  14  1:17  Photon Cannon  
  14  1:24  Photon Cannon  
Show
View Real Time Build Order
Export as new Build Order

TatyGG Protoss 

Build Orders:  

Get SALT Encoding   

  12  0:01  Probe  
  13  0:13  Pylon  
  13  0:18  Probe  
  14  0:32  Gateway  
  14  0:34  Probe (Chrono Boost)  
  16  0:43  Probe (Chrono Boost)  
  16  0:46  Assimilator  
  16  0:51  Probe  
  17  1:03  Probe  

Tags
 
Add a new tag
Caveats
  • Supply blocks, unpowered buildings, or Contaminate may cause inaccurate times.
  • Supply counts are checked every 10 seconds.